 Dungeon Crawl Stone Soup version 0.26.1-11-gd32895ea62 (webtiles) character file.

Game seed: 6127055281907535450

223488 manyhoops the Brawler (level 18, -2/142 HPs)
             Began as a Palentonga Transmuter on Apr 15, 2021.
             Was a High Priest of Uskayaw.
             Killed from afar by a naga mage (18 damage)
             ... with a poison arrow
             ... on level 4 of the Snake Pit.
             The game lasted 01:29:43 (50099 turns).

manyhoops the Brawler (Palentonga Transmuter)      Turns: 50099, Time: 01:29:44

Health: -2/142     AC: 32    Str: 23    XL:     18   Next: 56%
Magic:  17/28      EV:  8    Int: 18    God:    Uskayaw [*****.]
Gold:   2259       SH: 12    Dex: 15    Spells: 2/31 levels left

rFire    + + .     SeeInvis +     - Unarmed
rCold    + . .     Faith    .   G - +0 kite shield {reflect}
rNeg     . . .     Spirit   .   X - +1 robe of Tomorrow {rElec rF++ Will+ Int-2 Stlth+}
rPois    +         Reflect  +   S - +2 helmet {Int+3}
rElec    +         Harm     .   q - +2 cloak {rC+}
rCorr    +         Rampage  .   m - +2 pair of gloves
Will     +++..                  c - +0 barding
Stlth    +.........             r - amulet of the acrobat
HPRegen  0.00/turn              i - +4 ring of protection
MPRegen  0.21/turn              V - ring "Keseup" {rPois rCorr Int+4 Dex+3 Stlth-}

@: lethally poisoned (-2 -> -23), constricted, curled up
A: large, hooves 1, rugged brown scales 3, see invisible, deformed body, frail
1, strong-willed 1, inhibited regeneration, strong 1, roll 1, armoured tail,
reflexive curl
}: 1/15 runes: decaying
a: Rolling Charge, Renounce Religion, Stomp, Line Pass, Grand Finale


You were on level 4 of the Snake Pit.
You worshipped Uskayaw.
Uskayaw was aware of your devotion.
You visited 6 branches of the dungeon, and saw 32 of its levels.
You also visited: Bailey, Gauntlet, Ice Cave and Volcano.

You collected 4822 gold pieces.
You spent 2563 gold pieces at shops.

Inventory:

Missiles
 H - 5 throwing nets
Armour
 c - a +0 barding (worn)
 m - a +2 pair of gloves (worn)
 q - a +2 cloak of cold resistance (worn)
 G - a +0 kite shield of reflection (worn)
 Q - the +3 ring mail "Byjac" {rPois rC+++ rCorr Dex-2}
   (You bought it in a shop on level 1 of the Orcish Mines)

   It affects your dexterity (-2).
   It renders you almost immune to cold.
   It protects you from poison.
   It provides partial protection from all sources of acid and corrosion.
 S - a +2 helmet of intelligence (worn)
 X - the +1 robe of Tomorrow (worn) {rElec rF++ Will+ Int-2 Stlth+}
   (You bought it in a shop on level 2 of the Orcish Mines)

   It affects your intelligence (-2).
   It greatly protects you from fire.
   It insulates you from electricity.
   It affects your willpower, your defense against some magical effects.
   It makes you more stealthy.
Jewellery
 e - an uncursed ring of protection from cold
 i - a +4 ring of protection (left hand)
 r - an amulet of the acrobat (around neck)
 y - an uncursed amulet of reflection
 N - an uncursed ring of resist corrosion
 R - the ring "Plog" {rPois rC+ Int+2 Dex-2 SInv Stlth+}
   (You found it on level 3 of the Lair of Beasts)

   [ring of see invisible]

   It affects your intelligence (+2).
   It affects your dexterity (-2).
   It protects you from cold.
   It protects you from poison.
   It lets you see invisible.
   It makes you more stealthy.
 V - the ring "Keseup" (right hand) {rPois rCorr Int+4 Dex+3 Stlth-}
   (You took it off a minotaur in a Gauntlet)

   [ring of resist corrosion]

   It affects your intelligence (+4).
   It affects your dexterity (+3).
   It protects you from poison.
   It provides partial protection from all sources of acid and corrosion.
   It makes you less stealthy.
Wands
 p - a wand of flame (72)
 t - a wand of iceblast (45)
 v - a wand of enslavement (8)
 B - a wand of acid (9)
 E - a wand of polymorph (46)
 F - a wand of disintegration (23)
 U - a wand of paralysis (27)
 W - a wand of digging (15)
Scrolls
 j - 4 scrolls of identify
 s - 10 scrolls of remove curse
 u - 3 scrolls of magic mapping
 w - 6 scrolls of amnesia
 x - a scroll of enchant armour
 A - 6 scrolls of noise
 C - 5 scrolls of fear
 I - 6 scrolls of immolation
 J - 3 scrolls of fog
 M - 13 scrolls of teleportation
 P - a scroll of summoning
Potions
 b - 6 potions of attraction
 d - 4 potions of invisibility
 f - 18 potions of curing
 g - 7 potions of flight
 h - 7 potions of haste
 k - 7 potions of heal wounds
 l - 8 potions of brilliance
 o - 5 potions of berserk rage
 z - 6 potions of ambrosia
 D - 7 potions of might
 K - 4 potions of resistance
 L - 2 potions of cancellation
 T - 3 potions of lignification
Miscellaneous
 a - a phial of floods
 n - a tin of tremorstones (2/2)
 O - a phantom mirror
 Y - a box of beasts
 Z - a condenser vane


   Skills:
 + Level 9.7 Fighting
 - Level 8.8 Armour
 - Level 6.1 Dodging
 - Level 9.8 Shields
 + Level 19.1 Unarmed Combat
 - Level 7.2 Spellcasting
 - Level 13.5 Transmutations
 - Level 8.6 Earth Magic
 - Level 11.0 Invocations


You had 2 spell levels left.
You knew the following spells:

 Your Spells              Type           Power        Failure   Level
a - Beastly Appendage     Tmut           100%         1%          1
b - Wereblood             Tmut           53%          1%          2
c - Statue Form           Tmut/Erth      30%          17%         6
d - Ice Form              Ice/Tmut       30%          7%          4
e - Blade Hands           Tmut           26%          1%          5
f - Petrify               Tmut/Erth      46%          1%          4
g - Dragon Form           Tmut           26%          34%         7

Your spell library contained the following spells:

 Spells                   Type           Power        Failure   Level
 Animate Skeleton         Necr           12%          11%         1
 Corona                   Hex            6%           11%         1
 Freeze                   Ice            24%          11%         1
 Pain                     Necr           24%          11%         1
 Ensorcelled Hibernation  Hex/Ice        12%          16%         2
 Poisonous Vapours        Pois/Air       12%          16%         2
 Slow                     Hex            6%           16%         2
 Spider Form              Tmut/Pois      15%          1%          3
 Hydra Form               Tmut           26%          6%          6
 Leda's Liquefaction      Hex/Erth       11%          19%         4
 Irradiate                Conj/Tmut      15%          19%         5
 Yara's Violent Unravell  Hex/Tmut       15%          19%         5
 Confusing Touch          Hex            6%           32%         3
 Conjure Flame            Conj/Fire      6%           32%         3
 Dazzling Flash           Conj/Hex       12%          32%         3
 Frozen Ramparts          Ice            12%          32%         3
 Gell's Gravitas          Tloc           3%           32%         3
 Inner Flame              Hex/Fire       6%           32%         3
 Mephitic Cloud           Conj/Pois/Air  6%           32%         3
 Ozocubu's Armour         Ice            6%           32%         3
 Portal Projectile        Hex/Tloc       12%          32%         3
 Tukima's Dance           Hex            6%           32%         3
 Vampiric Draining        Necr           3%           32%         3
 Animate Dead             Necr           3%           71%         4
 Cause Fear               Hex            3%           71%         4
 Hailstorm                Conj/Ice       6%           71%         4
 Summon Ice Beast         Ice/Summ       6%           71%         4
 Agony                    Necr           6%           96%         5
 Metabolic Englaciation   Hex/Ice        3%           96%         5
 Freezing Cloud           Conj/Ice/Air   3%           100%        6
 Ozocubu's Refrigeration  Ice            3%           100%        6
 Simulacrum               Ice/Necr       3%           100%        6


Dungeon Overview and Level Annotations

Branches:
Dungeon (15/15)            Temple (1/1) D:4            Lair (6/6) D:8
  Swamp (4/4) Lair:4        Snake (4/4) Lair:3        Slime (0/5) Lair:5
    Orc (2/2) D:10            Elf (0/3) Orc:2        Vaults (0/5) D:14
 Depths (0/5) D:15         Bailey (visited)           IceCv (visited)
Volcano (visited)         Gauntlet (visited)

Altars:
Ashenzari
Cheibriados
Dithmenos
Elyvilon
Fedhas
Gozag
Hepliaklqana
Kikubaaqudgha
Makhleb
Nemelex Xobeh
Okawaru
Qazlal
Ru
Sif Muna
Trog
Uskayaw
Vehumet
Wu Jian
Xom
Yredelemnul
Zin
The Shining One
Beogh
Jiyva

Shops:
D:7 (   D:8 !   D:12 *   Orc:1 [   Orc:2 ([[(

Annotations:
Lair:4 exclusion: oklob plant
Lair:5 1 runed translucent door
Swamp:3 exclusion: 2 lightning spires
Snake:2 2 transporters, Ousak's ghost, adept OpTm


Innate Abilities, Weirdness & Mutations

You are completely covered in rugged brown scales. (AC +3, +7% HP)
You have supernaturally acute eyesight. (SInv)
Armour fits poorly on your strangely shaped body.
You can roll at nearby foes to attack.
You have a long armoured tail.
You curl defensively after being hit.
You have large cloven feet.
You are frail. (-10% HP)
You are strong-willed. (Will+)
You do not regenerate when monsters are visible.
Your muscles are strong. (Str +2)


Message History

You feel much better. You block the anaconda's attack.
The anaconda constricts you.
The naga mage gestures at you while chanting.
You resist with almost no effort. The naga mage hits you with a +0 spear!
* * * LOW HITPOINT WARNING * * *
You block the sea snake's attack.
The sea snake bites you but does no damage.
The anaconda barely misses you.
* * * LOW HITPOINT WARNING * * *
The anaconda constricts you.
The naga mage points at you and mumbles some strange words.
The bolt of poison hits you.
You are poisoned.
You resist.
* * * LOW HITPOINT WARNING * * *
The naga mage casts a spell at you. The poison arrow hits you!!
You are lethally poisoned!
You partially resist.
You die...

# ..# #... #. ...
#.... .# ##.##
...[...
.###...##........
.#....#..#........
##.......##........
#.)##)NN..#......(.
.
#..<)@S.......).##.#
####SSN.......)..#.#
#...............##
#..)...)..........
#....))().........
#.....)((.........
#.#####.))........
### ##(((.......
###)S......


You could see a naga warrior, 2 sea snakes, an anaconda and 2 naga magi.

Vanquished Creatures
  Nikola (Swamp:4)
  Frances (Snake:2)
  Donald (Orc:2)
  A fenstrider witch (Swamp:3)
  4 nagarajas
  Roxanne (Snake:3)
  A fire giant (D:12)
  2 orc warlords
  A red draconian (Volcano)
  A minotaur (Gauntlet)
  4 bunyips
  Azrael (Snake:1)
  2 eleionomae
  A shambling mangrove (Swamp:4)
  2 rakshasas (D:15)
  The ghost of dohliylev the Cleaver, a journeyman MiBe of Trog (D:10)
  4 naga warriors
  Harold (D:9)
  3 vault guards (D:14)
  2 boulder beetles
  5 centaur warriors
  A ghost crab (Swamp:3)
  15 hydras
  4 catoblepae (Lair:6)
  6 anacondas
  7 alligators
  12 death yaks (Lair:6)
  11 two-headed ogres
  2 tengu warriors (D:13)
  2 orc high priests
  4 shock serpents (Snake:1)
  6 naga sharpshooters
  6 spriggans
  3 skeletal warriors (D:11)
  9 sea snakes
  2 salamander mystics
  2 goliath frogs
  15 swamp dragons
  4 unseen horrors
  3 spriggan druids
  4 bog bodies
  2 naga ritualists (Snake:1)
  2 necromancers
  10 orc knights
  A mana viper (shapeshifter) (D:15)
  2 mana vipers
  7 will-o-the-wisps
  3 oklob plants (Lair:5)
  10 cyclopes
  7 ugly things
  12 salamanders
  2 deep elf magi
  3 manticores
  An orc sorcerer (Orc:2)
  2 naga magi (Snake:2)
  15 elephants
  2 guardian serpents (Snake:4)
  An ice statue (IceCv)
  A smoke demon (Gauntlet)
  Psyche (D:8)
  36 black mambas
  2 torpor snails
  3 gargoyles
  13 cane toads
  Maggie (D:9)
  11 komodo dragons
  A centaur skeleton (D:15)
  An efreet (D:13)
  3 yaktaurs (Volcano)
  4 rime drakes
  10 freezing wraiths (IceCv)
  5 kobold demonologists
  A red devil (Gauntlet)
  An ice devil (Gauntlet)
  8 trolls
  8 tyrant leeches
  2 wolf spider simulacra (IceCv)
  A queen bee (Lair:2)
  2 polar bears
  6 hornets
  26 blink frogs
  12 slime creatures
  A blink frog (shapeshifter) (D:15)
  A dream sheep (Lair:5)
  2 shadows
  A redback (shapeshifter) (D:15)
  5 wraiths
  7 wyverns
  65 yaks
  21 humans (D:14)
  2 basilisks
  A neqoxec (Gauntlet)
  A human (shapeshifter) (D:15)
  10 vampire mosquitoes
  3 chaos spawn (Gauntlet)
  2 death yak simulacra (IceCv)
  30 nagas
  9 wargs
  14 swamp worms
  2 acid dragons
  A two-headed ogre zombie (D:10)
  18 water moccasins
  4 hell hounds (Snake:1)
  8 sky beasts
  52 orc warriors
  A black bear (D:8)
  8 swamp drakes
  9 ice beasts
  A hornet zombie (D:15)
  5 eyes of draining
  20 ogres
  2 necrophages
  8 wolves
  4 phantoms
  5 boggarts (D:15)
  15 centaurs
  18 bullfrogs
  13 big kobolds
  7 scorpions
  A troll zombie (D:10)
  43 killer bees
  22 wights
  10 electric eels
  6 draconian simulacra (IceCv)
  A howler monkey (D:6)
  2 bullfrog zombies
  2 crimson imps (Gauntlet)
  4 centaur zombies
  2 quasits
  15 hounds
  3 jellies
  12 orc priests
  19 orc wizards
  A bullfrog skeleton (D:8)
  6 iguanas
  Natasha (thrice) (D:4)
  7 hell rats (Lair:5)
  6 troll simulacra (IceCv)
  7 worker ants
  5 centaur simulacra (IceCv)
  6 ogre zombies (D:10)
  A hound skeleton (D:8)
  3 hound zombies
  A worker ant zombie (D:6)
  13 adders
  14 gnolls
  3 naga simulacra (IceCv)
  2 shadow imps (D:6)
  19 white imps
  An adder zombie (D:9)
  3 adder skeletons
  A worm (D:3)
  2 dart slugs (D:1)
  4 leopard geckos
  108 orcs
  3 ball pythons
  4 giant cockroaches
  24 goblins
  24 hobgoblins
  6 jackals
  7 quokkas
  9 bats
  3 frilled lizards
  A goblin skeleton (D:10)
  3 goblin zombies (D:10)
  3 hobgoblin zombies (D:10)
  A jackal skeleton (D:7)
  A jackal zombie (D:8)
  32 kobolds
  A leopard gecko skeleton (D:4)
  18 orc zombies (D:10)
  8 rats
1281 creatures vanquished.

Vanquished Creatures (collateral kills)
  the Lernaean hydra (Swamp:4)
1 creature vanquished.

Vanquished Creatures (others)
  A naga sharpshooter (Snake:4)
  A bloated husk (Swamp:2)
  A hornet (Swamp:4)
  2 swamp worms (Swamp:2)
  A goblin (D:10)
  2 kobolds (D:10)
  2 ball lightnings (Swamp:3)
  24 foxfires
  17 fungi
  67 plants
118 creatures vanquished.

Grand Total: 1400 creatures vanquished

Notes
Turn   | Place    | Note
-------+----------+-------------------------------------------
     0 | D:1      | manyhoops the Palentonga Transmuter began the quest for the
                  | Orb.
     0 | D:1      | Reached XP level 1. HP: 17/17 MP: 3/3
   209 | D:1      | Reached XP level 2. HP: 21/24 MP: 3/5
   293 | D:1      | Found a snail-covered altar of Cheibriados.
  1030 | D:2      | Reached XP level 3. HP: 31/31 MP: 4/6
  1164 | D:2      | Reached skill level 4 in Unarmed Combat
  1396 | D:2      | HP: 1/31 [orc (3)]
  1924 | D:2      | Found a shimmering altar of Xom.
  2043 | D:2      | Reached XP level 4. HP: 38/38 MP: 5/7
  2134 | D:2      | Found a shadowy altar of Dithmenos.
  2502 | D:2      | Found a shimmering blue altar of Sif Muna.
  2779 | D:3      | You fall into a shaft and drop 3 floors!
  2817 | D:6      | Reached skill level 5 in Unarmed Combat
  2953 | D:6      | Reached XP level 5. HP: 43/44 MP: 6/8
  3238 | D:6      | Reached skill level 6 in Unarmed Combat
  3238 | D:6      | Reached XP level 6. HP: 52/54 MP: 7/9
  3429 | D:6      | Reached skill level 7 in Unarmed Combat
  3435 | D:6      | Gained mutation: You curl defensively after being hit.
                  | [Palentonga growth]
  3435 | D:6      | Reached XP level 7. HP: 54/60 MP: 10/10
  3667 | D:5      | Entered Level 5 of the Dungeon
  3969 | D:5      | Reached skill level 8 in Unarmed Combat
  4097 | D:5      | Learned a level 2 spell: Wereblood
  4831 | D:5      | Found a radiant altar of Vehumet.
  5120 | D:4      | Reached XP level 8. HP: 64/70 MP: 11/11
  5524 | D:3      | Found an ornate altar of the Wu Jian Council.
  5663 | D:3      | Found a burning altar of Makhleb.
  5666 | D:3      | Noticed a green death
  5806 | D:3      | Found a stormy altar of Qazlal.
  6038 | D:4      | Noticed Natasha
  6040 | D:4      | Killed Natasha
  6192 | D:4      | Noticed Natasha
  6197 | D:4      | Killed Natasha
  6198 | D:4      | Reached skill level 5 in Transmutations
  6233 | D:4      | Found a staircase to the Ecumenical Temple.
  6280 | D:4      | Noticed Natasha
  6288 | D:4      | Killed Natasha
  6522 | Temple   | Entered the Ecumenical Temple
  7385 | D:6      | Learned a level 3 spell: Spider Form
  7545 | D:7      | Found a snail-covered altar of Cheibriados.
  7554 | D:7      | Found a hide-covered altar of Uskayaw.
  7583 | D:7      | Became a worshipper of Uskayaw the Reveller
  7621 | D:7      | Reached * piety under Uskayaw
  7626 | D:7      | Reached ** piety under Uskayaw
  7631 | D:7      | Reached skill level 9 in Unarmed Combat
  7708 | D:7      | Found Dedyahar's Weapon Shoppe.
  7866 | D:7      | Found a white marble altar of Elyvilon.
  7867 | D:7      | Found an iron altar of Okawaru.
  7946 | D:7      | Reached *** piety under Uskayaw
  7947 | D:7      | Reached **** piety under Uskayaw
  8241 | D:7      | Reached XP level 9. HP: 43/75 MP: 12/12
  8410 | D:8      | Found a staircase to the Lair.
  8913 | D:8      | Noticed Psyche
  8923 | D:8      | Killed Psyche
  8924 | D:8      | Reached skill level 5 in Dodging
  8978 | D:8      | HP: 1/75 [electric eel/bolt of electricity (13)]
  9106 | D:8      | Noticed a troll
  9660 | D:8      | Killed a troll
 10043 | D:9      | Noticed Harold
 10060 | D:9      | Killed Harold
 10061 | D:9      | Reached skill level 10 in Unarmed Combat
 10229 | D:9      | Reached XP level 10. HP: 85/85 MP: 11/13
 10423 | D:9      | Reached skill level 11 in Unarmed Combat
 10521 | D:9      | Reached skill level 1 in Invocations
 10571 | D:9      | Noticed a two-headed ogre
 10583 | D:9      | Killed a two-headed ogre
 10840 | D:9      | Reached skill level 5 in Invocations
 11226 | D:9      | Noticed Maggie
 11247 | D:9      | Killed Maggie
 11388 | D:10     | Entered Level 10 of the Dungeon
 11396 | D:10     | Reached skill level 1 in Armour
 11432 | D:10     | Found a flagged portal.
 11461 | D:10     | Reached ***** piety under Uskayaw
 11472 | Bailey   | Entered a bailey
 12301 | Bailey   | Noticed an orc warlord
 12301 | Bailey   | Noticed an orc knight
 12319 | Bailey   | Killed an orc warlord
 12320 | Bailey   | Reached skill level 5 in Armour
 12320 | Bailey   | Reached XP level 11. HP: 90/90 MP: 13/16
 12332 | Bailey   | Reached ****** piety under Uskayaw
 12353 | Bailey   | Killed an orc knight
 13050 | D:10     | Found a staircase to the Orcish Mines.
 13435 | D:9      | Learned a level 4 spell: Ice Form
 13441 | D:9      | Learned a level 5 spell: Blade Hands
 14179 | D:10     | Noticed an unseen horror
 14194 | D:10     | Killed an unseen horror
 14697 | D:10     | Found a blossoming altar of Fedhas.
 14879 | D:8      | Reached skill level 5 in Spellcasting
 15176 | D:8      | Found an opulent altar of Gozag.
 15659 | D:8      | Found Haeli's Distillery.
 15681 | D:8      | Bought a potion of might for 48 gold pieces
 15681 | D:8      | Bought 2 potions of lignification for 72 gold pieces
 15681 | D:8      | Bought a potion of haste for 120 gold pieces
 15681 | D:8      | Bought 2 potions of curing for 72 gold pieces
 15681 | D:8      | Bought a potion of might for 48 gold pieces
 16118 | D:8      | Found an ancient bone altar of Kikubaaqudgha.
 16516 | D:11     | Reached skill level 10 in Transmutations
 16516 | D:11     | Reached XP level 12. HP: 99/99 MP: 19/19
 16537 | D:11     | Reached skill level 5 in Fighting
 16728 | D:11     | Found a gate leading to a gauntlet.
 16777 | D:11     | Found a runed translucent gate.
 16777 | D:11     | Found a runed translucent gate.
 16779 | D:11     | Noticed dohliylev's ghost (journeyman MiBe)
 16781 | D:11     | Found a runed translucent gate.
 16782 | D:11     | Identified the +6 dagger of Death's Door {drain, rN+ Will+}
 16928 | Gauntlet | Entered a Gauntlet
 16928 | Gauntlet | Found a transporter.
 16928 | Gauntlet | Found a transporter.
 16928 | Gauntlet | Found a transporter.
 16928 | Gauntlet | Found a transporter.
 16932 | Gauntlet | Found a transporter.
 16944 | Gauntlet | Found a transporter.
 16956 | Gauntlet | Found a transporter.
 16964 | Gauntlet | Found a transporter.
 16981 | Gauntlet | Found a transporter.
 16989 | Gauntlet | Found a transporter.
 17006 | Gauntlet | Found a transporter.
 17060 | Gauntlet | Found a transporter.
 17754 | Gauntlet | Got a glimmering battleaxe
 17756 | Gauntlet | Identified the +3 battleaxe "Newtslayer" {speed, +Fly rC-
                  | Int+6 Stlth+} (You found it in a Gauntlet)
 17863 | Gauntlet | Reached XP level 13. HP: 109/109 MP: 13/20
 18096 | Gauntlet | Identified the ring "Keseup" {rPois rCorr Int+4 Dex+3
                  | Stlth-}
 18096 | Gauntlet | Noticed a minotaur
 18100 | Gauntlet | Killed a minotaur
 18101 | Gauntlet | Reached skill level 12 in Unarmed Combat
 19283 | D:10     | Killed dohliylev's ghost
 19455 | D:12     | Reached skill level 13 in Unarmed Combat
 19675 | D:12     | Identified a scroll of acquirement
 19675 | D:12     | Acquired 631 gold pieces
 20756 | D:12     | Noticed a fire giant
 20937 | Lair:1   | Entered Level 1 of the Lair of Beasts
 21087 | Lair:1   | Reached skill level 14 in Unarmed Combat
 22133 | Lair:1   | Gained mutation: You are weak. (Str -2) [potion of
                  | mutation]
 22133 | Lair:1   | Gained mutation: You expend magic power (3 MP) to
                  | strengthen your wands. [potion of mutation]
 22309 | Lair:2   | Lost mutation: You expend magic power (3 MP) to strengthen
                  | your wands. [potion of mutation]
 22309 | Lair:2   | Lost mutation: You are weak. (Str -2) [potion of mutation]
 22309 | Lair:2   | Gained mutation: You are clumsy. (Dex -2) [potion of
                  | mutation]
 22309 | Lair:2   | Gained mutation: You are strong-willed. (Will+) [potion of
                  | mutation]
 22309 | Lair:2   | Gained mutation: You expend magic power (3 MP) to
                  | strengthen your wands. [potion of mutation]
 22494 | Lair:2   | Reached XP level 14. HP: 82/124 MP: 14/21
 22652 | Lair:2   | Reached skill level 15 in Unarmed Combat
 24241 | Lair:3   | Got an encrusted ring mail
 24252 | Lair:3   | Identified the cursed +1 ring mail of Hujiraho {Str+4
                  | Int+2} (You found it on level 3 of the Lair of Beasts)
 24262 | Lair:3   | Found a dark tunnel.
 24295 | Volcano  | Entered a volcano
 25038 | Lair:3   | Found a staircase to the Snake Pit.
 25134 | Lair:3   | Reached skill level 16 in Unarmed Combat
 25177 | Lair:3   | Got a steaming amber ring
 25179 | Lair:3   | Identified the ring "Plog" {rPois rC+ Int+2 Dex-2 SInv
                  | Stlth+} (You found it on level 3 of the Lair of Beasts)
 26347 | Lair:4   | Found a staircase to the Swamp.
 26637 | Lair:5   | Found a runed translucent door.
 26642 | Lair:5   | Found a viscous altar of Jiyva.
 26643 | Lair:5   | Found a staircase to the Slime Pits.
 27893 | Lair:6   | Entered Level 6 of the Lair of Beasts
 27914 | Lair:5   | Reached XP level 15. HP: 122/133 MP: 18/22
 27941 | Lair:6   | Found a frozen archway.
 27949 | IceCv    | Entered an ice cave
 27959 | IceCv    | Reached skill level 10 in Invocations
 28487 | IceCv    | Gained mutation: Your mind is acute. (Int +2) [mutagenic
                  | glow]
 28908 | IceCv    | Found an ancient bone altar of Kikubaaqudgha.
 29314 | IceCv    | Identified the Catalogue of the Snowflakes
 29328 | IceCv    | Learned a level 4 spell: Petrify
 30133 | Lair:6   | Reached skill level 1 in Earth Magic
 32116 | D:13     | Reached skill level 5 in Earth Magic
 32208 | D:12     | Killed a fire giant
 32875 | D:12     | Found Ziecoih's Assorted Antiques.
 32887 | D:12     | Bought a scroll of fear for 108 gold pieces
 33005 | D:12     | Bought a pair of embroidered gloves for 232 gold pieces
 33342 | D:13     | Learned a level 6 spell: Statue Form
 33488 | D:13     | Reached XP level 16. HP: 141/141 MP: 18/24
 33561 | D:13     | Lost mutation: Your mind is acute. (Int +2) [potion of
                  | mutation]
 33561 | D:13     | Lost mutation: You are clumsy. (Dex -2) [potion of
                  | mutation]
 33561 | D:13     | Lost mutation: You expend magic power (3 MP) to strengthen
                  | your wands. [potion of mutation]
 33561 | D:13     | Gained mutation: You are frail. (-10% HP) [potion of
                  | mutation]
 33561 | D:13     | Gained mutation: Your magical capacity is low. (-10% MP)
                  | [potion of mutation]
 33561 | D:13     | Lost mutation: You are frail. (-10% HP) [potion of
                  | mutation]
 33692 | D:13     | Identified the +1 leather armour of Space {*Slow +Inv rC-
                  | Int+9} (You found it on level 13 of the Dungeon)
 34424 | D:14     | Found a gate to the Vaults.
 35713 | D:15     | Entered Level 15 of the Dungeon
 36503 | D:15     | Found a staircase to the Depths.
 37140 | Orc:1    | Entered Level 1 of the Orcish Mines
 37363 | Orc:2    | Entered Level 2 of the Orcish Mines
 37373 | Orc:2    | Noticed Donald
 37421 | Orc:2    | Killed Donald
 38112 | Orc:2    | Found Onewk's Weapon Shop.
 38112 | Orc:2    | Found Isidgh's Antique Armour Shoppe.
 38127 | Orc:2    | Bought an ichor-stained tower shield for 370 gold pieces
 38127 | Orc:2    | Bought a bloodstained robe for 222 gold pieces
 38127 | Orc:2    | Identified the +2 robe of Zuheghe {Rampage} (You bought it
                  | in a shop on level 2 of the Orcish Mines)
 38128 | Orc:2    | Identified the +3 tower shield of Loss {*Contam rPois rN+++
                  | Dex+3} (You bought it in a shop on level 2 of the Orcish
                  | Mines)
 38173 | Orc:2    | Acquired 681 gold pieces
 38395 | Orc:2    | Found a roughly hewn altar of Beogh.
 38698 | Orc:2    | Found a staircase to the Elven Halls.
 38958 | Orc:2    | Found Siydy's Antique Armour Shop.
 38958 | Orc:2    | Found Pefom's Weapon Shoppe.
 39215 | Orc:2    | Bought an encrusted ring mail for 243 gold pieces
 39215 | Orc:2    | Bought a twisted robe for 153 gold pieces
 39220 | Orc:2    | Identified the +3 ring mail "Haxuchyo" {rPois Stlth+} (You
                  | bought it in a shop on level 2 of the Orcish Mines)
 39221 | Orc:2    | Identified the +1 robe of Tomorrow {rElec rF++ Will+ Int-2
                  | Stlth+} (You bought it in a shop on level 2 of the Orcish
                  | Mines)
 39397 | Orc:2    | Found a roughly hewn altar of Beogh.
 39872 | Orc:2    | Learned a level 7 spell: Dragon Form
 40086 | Orc:1    | Gained mutation: You are frail. (-10% HP) [mutagenic glow]
 40387 | Orc:1    | Found Ysaffoc's Antique Armour Shoppe.
 40463 | Orc:1    | Bought a polished scale mail for 315 gold pieces
 40463 | Orc:1    | Bought a shimmering ring mail for 315 gold pieces
 40463 | Orc:1    | Bought a fine leather armour for 245 gold pieces
 40473 | Orc:1    | Identified the +3 scale mail of the Monkey {rC- Regen+
                  | Slay+2 SInv} (You bought it in a shop on level 1 of the
                  | Orcish Mines)
 40486 | Orc:1    | Identified the +1 leather armour "Xenibat" {rF+ Str+5
                  | Dex-2} (You bought it in a shop on level 1 of the Orcish
                  | Mines)
 40496 | Orc:1    | Identified the +3 ring mail "Byjac" {rPois rC+++ rCorr
                  | Dex-2} (You bought it in a shop on level 1 of the Orcish
                  | Mines)
 41234 | Swamp:1  | Entered Level 1 of the Swamp
 41323 | Swamp:1  | Reached skill level 1 in Shields
 41918 | Swamp:1  | Reached XP level 17. HP: 133/133 MP: 19/25
 42700 | Swamp:2  | Found an ancient bone altar of Kikubaaqudgha.
 42735 | Swamp:2  | Reached skill level 5 in Shields
 43448 | Swamp:3  | Gained mutation: You do not regenerate when monsters are
                  | visible. [mutagenic glow]
 44787 | Swamp:3  | Found an ancient bone altar of Kikubaaqudgha.
 45363 | Swamp:4  | Entered Level 4 of the Swamp
 46584 | Swamp:4  | Noticed Nikola
 46594 | Swamp:4  | Killed Nikola
 46622 | Swamp:4  | Noticed the 27-headed Lernaean hydra
 46625 | Swamp:4  | Killed the 27-headed Lernaean hydra
 47090 | Swamp:4  | Got a decaying rune of Zot
 47444 | Snake:1  | Entered Level 1 of the Snake Pit
 47581 | Snake:1  | Reached skill level 17 in Unarmed Combat
 47581 | Snake:1  | Noticed Azrael
 47590 | Snake:1  | Killed Azrael
 48074 | Snake:1  | Reached XP level 18. HP: 141/141 MP: 20/25
 48295 | Snake:2  | Noticed Frances
 48302 | Snake:2  | Killed Frances
 48811 | Snake:2  | Found a transporter.
 48816 | Snake:2  | Found a transporter.
 48832 | Snake:2  | Reached skill level 18 in Unarmed Combat
 48833 | Snake:2  | Found a bloodstained altar of Trog.
 48833 | Snake:2  | Noticed Ousak's ghost (adept OpTm)
 48838 | Snake:2  | Identified the cursed +0 rapier of Triumph {antimagic,
                  | +Rage +Fly Str+2 Dex-2}
 48843 | Snake:2  | You fall into a shaft and drop 1 floor!
 49247 | Snake:3  | Lost mutation: Your magical capacity is low. (-10% MP)
                  | [potion of mutation]
 49247 | Snake:3  | Gained mutation: Your muscles are strong. (Str +2) [potion
                  | of mutation]
 49247 | Snake:3  | Gained mutation: You have large cloven feet. [potion of
                  | mutation]
 49511 | Snake:3  | Identified Roxanne's Guide on Clay
 49511 | Snake:3  | Noticed Roxanne
 49527 | Snake:3  | Killed Roxanne
 50007 | Snake:4  | Entered Level 4 of the Snake Pit
 50076 | Snake:4  | Reached skill level 19 in Unarmed Combat
 50099 | Snake:4  | Killed from afar by a naga mage

Illustrated notes

Levels and vault maps discovered:
D:1:      dpeg_arrival_orchard, layout_rooms, minmay_misc_feat_enclosed,
          grunt_decor_mini_mirrors, cheibriados_altar_1
D:2:      layout_loops_ring, lemuel_round_altar, general_overflow_altar,
          serial_glass, glass_columns_a, glass_columns_b, lemuel_blue_sif_altar
D:3:      layout_basic, makhleb_altar_promises_db, overflow_temple_1_default,
          marbit_many_paths
D:4:      layout_rooms, minmay_temple_entry_mist, minivault_23, uniq_natasha
D:5:      layout_gridville, fiery_altar_vehumet, serial_bayou_pond_d,
          serial_bayou_lagoon_a
D:6:      layout_loops_ring
D:7:      layout_basic, gammafunk_temple_overflow_pools,
          chequers_temple_overflow_statue_of_worship, serial_shops, shop
D:8:      layout_cave_pools, grunt_gozag_statues, kiku_gazebo_pond_becter,
          erik_lair_island, serial_shops, nicolae_shop_trees, uniq_psyche
D:9:      layout_roguey, uniq_maggie, uniq_harold
D:10:     layout_irregular_city, zombieorc2_lemuel, enter_bailey_5,
          fedhas_altar_4
D:11:     minmay_evil_eye, layout_irregular_city, gammafunk_ghost_nasty_kobolds,
          gauntlet_entry_generic
D:12:     cheibrodos_monumental, layout_basic, serial_shops,
          nicolae_shop_overgrown_old_shop, minivault_16, grunt_ministairs_6
D:13:     layout_cave_pools
D:14:     minmay_connected_triangles_in_corner, layout_basic,
          grunt_vaults_entry_tiered, hangedman_abyss_or_decor_jellyfish_corner
D:15:     gammafunk_enter_depths_forms, layout_small_grid,
          chequers_serial_rivers_micro_d
Temple:   compressed_dpeg_circular_temple
Lair:1:   layout_misc_corridors, grunt_megastairs_3, serial_bayou_shore_b
Lair:2:   layout_hall_layers, special_room [special_room_bee], st_stairs_8,
          serial_bayou_shore_b
Lair:3:   layout_big_grid, dummy_snake_entry, nicolae_volcano_entry_lava_flow,
          lemuel_fruit_tree
Lair:4:   layout_cave_pods, nicolae_swamp_entry_splash_gauntlet,
          infiniplex_staircase_pool_2
Lair:5:   layout_layer_cave, slime_altar_2, minmay_lair_oklob_chamber
Lair:6:   evilmike_catoblepas_cave, layout_misc_corridors,
          portal_ice_cave_entry_pillars_1, hibernation_bobbens,
          grunt_megastairs_5
Swamp:1:  layout_basic_swamp, evilmike_swamp_ruin_house_6
Swamp:2:  layout_falls_marsh, basic_altar, swamp_pool1, grunt_hermit_hut
Swamp:3:  layout_basic_swamp, nicolae_swamp_godswood, swamp_pool1,
          hangedman_swamp_phenomena
Swamp:4:  swamp_old_school, layout_basic_swamp, swamp_pool2, uniq_nikola
Snake:1:  layout_misc_corridors, uniq_azrael
Snake:2:  layout_concentric_octagons, gammafunk_ghost_wrathful_warriors,
          serial_bayou_crossing, uniq_frances
Snake:3:  layout_honeycomb, serial_bayou_lake_a, uniq_roxanne
Snake:4:  grunt_snake_rune_pools, layout_cave_shapes, uniq_louise, uniq_vashnia
Orc:1:    layout_caves, serial_shops, nicolae_shop_overgrown_old_shop
Orc:2:    st_orc_town, layout_diamond_mine, basic_altar, uniq_donald

Skill      XL: |  1  2  3  4  5  6  7  8  9 10 11 12 13 14 15 16 17 18 |
---------------+-------------------------------------------------------+-----
Unarmed Combat | 4 5 6 7 8 9 10 11 14 16 17 19 | 19.1
Fighting       | 2 3 4 5 8 9 |  9.7
Transmutations | 3 6 10 11 13 | 13.5
Dodging        | 3 5 6 |  6.1
Invocations    | 6 9 11 | 11.0
Armour         | 5 7 8 |  8.8
Spellcasting   | 5 7 |  7.2
Earth Magic    | 8 |  8.6
Shields        | 3 9 |  9.8

Action                   |  1- 3 |  4- 6 |  7- 9 | 10-12 | 13-15 | 16-18 || total
-------------------------+-------+-------+-------+-------+-------+-------++-------
Melee: Unarmed           |   108 |    88 |   291 |   664 |   855 |   971 ||  2977
       Kick              |    15 |    20 |    49 |    19 |       |    23 ||   126
       Headbutt          |     7 |    16 |    34 |    11 |       |       ||    68
       Tailslap          |     6 |    13 |    38 |    78 |    98 |   122 ||   355
       Punch             |       |     1 |     6 |    19 |    50 |    57 ||   133
       Bite              |       |       |       |       |       |     2 ||     2
 Cast: Beastly Appendage |    24 |    22 |    39 |     7 |       |       ||    92
       Wereblood         |       |       |     2 |     6 |     9 |    10 ||    27
       Spider Form       |       |       |     1 |    24 |       |       ||    25
       Blade Hands       |       |       |       |    11 |   123 |    29 ||   163
       Statue Form       |       |       |       |       |       |    83 ||    83
       Dragon Form       |       |       |       |       |       |     4 ||     4
Invok: Line Pass         |       |       |       |     1 |       |       ||     1
       Stomp             |       |       |       |     3 |     6 |    14 ||    23
       Grand Finale      |       |       |       |     1 |       |       ||     1
 Abil: Rolling Charge    |       |     2 |    13 |    13 |    59 |    32 ||   119
       Breathe Fire      |       |       |       |       |       |     1 ||     1
       End Transformatio |       |       |       |       |       |     1 ||     1
Evoke: Phantom mirror    |       |       |       |       |       |     1 ||     1
       Tin of tremorston |       |       |       |       |       |     1 ||     1
  Use: Scroll            |     2 |     2 |    12 |     6 |    18 |    15 ||    55
       Potion            |     1 |       |     7 |     5 |     2 |     3 ||    18
 Stab: Sleeping          |     1 |       |     2 |     1 |       |       ||     4
       Paralysed         |       |       |     5 |    35 |    60 |    88 ||   188
       Petrified         |       |       |       |       |     1 |       ||     1
Armor: Robe              |    38 |    27 |    89 |     1 |       |    53 ||   208
       Skin              |     2 |       |       |    24 |       |   583 ||   609
       Acid dragon scale |       |       |       |   183 |     3 |       ||   186
       Leather armour    |       |       |       |       |   162 |     1 ||   163
       Ring mail         |       |       |       |       |   154 |    83 ||   237
Dodge: Dodged            |    62 |    41 |   130 |   580 |   339 |   669 ||  1821
Block: Other             |       |       |       |    21 |   137 |   179 ||   337
       Reflection        |       |       |       |     1 |     9 |    48 ||    58
       Kite shield       |       |       |       |       |       |   232 ||   232
